 Dungeon Crawl Stone Soup version 0.29-a0-555-g3b24f45cc1 (webtiles) character file.

Game seed: 12193089188167312339

29 Hubjo the Insei (level 3, 0/27 HPs)
             Began as a Demonspawn Transmuter on June 7, 2022.
             Was a Follower of Qazlal.
             Killed from afar by a dart slug (5 damage)
             ... with a slug dart
             ... on level 1 of the Dungeon.
             The game lasted 00:00:59 (536 turns).

Hubjo the Insei (Demonspawn Transmuter)              Turns: 536, Time: 00:00:59

Health: 0/27       AC:  2    Str: 10    XL:     3   Next: 1%
Magic:  6/6        EV: 14    Int: 14    God:    Qazlal [*.....]
Gold:   27         SH:  2    Dex: 15    Spells: 5/6 levels left

rFire   . . .      SeeInvis .     - Unarmed
rCold   . . .      Faith    .   (no shield)
rNeg    . . .      Spirit   .   a - +0 robe
rPois   .          Reflect  .   (no helmet)
rElec   .          Harm     .   (no cloak)
rCorr   .          Rampage  .   (no gloves)
Will    .....                   (no boots)
Stlth   ++........              (no amulet)
HPRegen 0.09/turn               (no ring)
MPRegen 0.10/turn               (no ring)

@: no status effects
A: repulsion field 1
a: Renounce Religion


You were on level 1 of the Dungeon.
You worshipped Qazlal.
Qazlal was aware of your devotion.
You visited 1 branch of the dungeon, and saw 1 of its levels.

You collected 27 gold pieces.

Inventory:

Armour
 a - a +0 robe (worn)
Scrolls
 d - a scroll of amnesia {unknown}
Potions
 b - a potion of lignification
 c - a potion of magic {unknown}


   Skills:
 * Level 1.8 Fighting
 - Level 1.7 Dodging
 + Level 0.8 Stealth
 + Level 2.9 Unarmed Combat
 + Level 2.3 Spellcasting
 + Level 2.0 Transmutations


You had 5 spell levels left.
You knew the following spells:

 Your Spells              Type           Power      Damage    Failure   Level
a - Beastly Appendage     Tmut           14%        N/A       10%         1

Your spell library contained the following spells:

 Spells                   Type           Power      Damage    Failure   Level
 Wereblood                Tmut           7%         N/A       16%         2
 Spider Form              Tmut/Pois      4%         N/A       41%         3
 Ice Form                 Ice/Tmut       4%         N/A       83%         4


Dungeon Overview and Level Annotations

Branches:
Dungeon (1/15)

Altars:
Qazlal


Innate Abilities, Weirdness & Mutations

You are surrounded by a mild repulsion field. (EV +2)


Message History

You closely miss the goblin. You claw the goblin.
You kill the goblin!
Qazlal accepts your kill.
The dart slug briefly extends its eye-stalks.
You closely miss the goblin. The goblin hits you with a +0 club.
You barely miss the goblin. You claw the goblin.
The goblin is heavily wounded.
The goblin misses you.
You barely miss the goblin. You claw the goblin.
You kill the goblin!
Qazlal accepts your kill. The dart slug barely misses you.
Things that are here:
a +0 club; a +0 club; a goblin corpse You hit the dart slug.
You claw the dart slug.
The dart slug is severely wounded.
The dart slug bites you.
You hit the dart slug.
The dart slug is severely wounded.
You hit the dart slug.
You kill the dart slug!
Qazlal accepts your kill.
You have reached level 3!
Your experience leads to an increase in your attributes!
Increase (S)trength, (I)ntelligence, or (D)exterity?
You feel agile. x2
Your horns disappear.
Your talons disappear.
The dart slug bites you.
* * * LOW HITPOINT WARNING * * *
You see here a dart slug corpse.
You hit the dart slug.
The dart slug is moderately wounded.
The dart slug launches a dart at you. The slug dart hits you.
* * * LOW HITPOINT WARNING * * *
You hit the dart slug.
The dart slug is severely wounded.
The dart slug launches a dart at you. The slug dart hits you.
You die...

######............#
#..#######...#
#..#8...8# .#
#.P#.###.## #..'.#2#._#
#..#.###.## .
######..#8..)8# .# ...
#.......#######..#
...w.##........w@).....#
....w..§........§#######
......S.†.......##
............#####
............#
###.........#
#.........# #.....#####
#######


You could see a dart slug.

Vanquished Creatures
  2 dart slugs (D:1)
  2 endoplasms (D:1)
  4 goblins (D:1)
  2 hobgoblins (D:1)
  3 jackals (D:1)
  3 quokkas (D:1)
  2 ball pythons (D:1)
  A bat (D:1)
  A frilled lizard (D:1)
  A rat (D:1)
21 creatures vanquished.

Vanquished Creatures (others)
  A demonic plant (D:1)
1 creature vanquished.

Grand Total: 22 creatures vanquished

Notes
Turn   | Place    | Note
-------+----------+-------------------------------------------
     0 | D:1      | Hubjo the Demonspawn Transmuter began the quest for the
                  | Orb.
     0 | D:1      | Reached XP level 1. HP: 15/15 MP: 3/3
   273 | D:1      | Gained mutation: You are surrounded by a mild repulsion
                  | field. (EV +2) [demonic ancestry]
   273 | D:1      | Reached XP level 2. HP: 21/21 MP: 3/5
   478 | D:1      | Found a faded altar of an unknown god.
   478 | D:1      | Noticed a hell beast
   488 | D:1      | Prayed at the altar of an unknown god.
   488 | D:1      | Became a worshipper of Qazlal Stormbringer
   488 | D:1      | Reached * piety under Qazlal
   534 | D:1      | Reached XP level 3. HP: 9/27 MP: 6/6
   536 | D:1      | Killed from afar by a dart slug

Illustrated notes

Levels and vault maps discovered:
D:1:      wheals_arrival_linesprint, layout_basic,
          dreamdust_ecumenical_altar_sealed_demon, minmay_distorted

Skill      XL: |  1  2 |
---------------+-------+-----
Transmutations | 2 |  2.0
Fighting       | |  1.8
Dodging        | |  1.7
Stealth        | |  0.8
Unarmed Combat | |  2.9
Spellcasting   | |  2.3

Action                   || total
-------------------------++-------
Melee: Unarmed           ||    55
       Kick              ||    15
       Headbutt          ||     5
       Punch             ||     2
 Cast: Beastly Appendage ||    10
  Use: Scroll            ||     1
 Stab: Sleeping          ||     1
Armor: Robe              ||     2
Dodge: Dodged            ||    31
Block: Other             ||     1

Table legend: (Time is in decaauts)
 A = Elapsed time spent in this place.
 B = Non-inter-level travel time spent in this place.
 C = Inter-level travel time spent in this place.
 D = Time resting spent in this place.
 E = Time spent auto-exploring this place.
 F = Levels seen in this place.
 G = Mean time per level.
                   A        B        C        D        E       F      G
               +--------+--------+--------+--------+--------+-----+--------+
         Total |    532 |    532 |      0 |      0 |    393 |   1 |  532.0 |
       Dungeon |    532 |    532 |      0 |      0 |    393 |   1 |  532.0 |
               +--------+--------+--------+--------+--------+-----+--------+

Top non-repeatable levels by time:
     D:1: 532 daAuts
